Montreal Canadiens vs New Jersey Devils

Created - lundi 25 février 2019 at 19:00

Goals
1 2 3 T
Montreal Canadiens 0 3 2 5
New Jersey Devils 0 2 0 2
Shots
1 2 3 T
Montreal Canadiens 3 21 9 33
New Jersey Devils 4 15 7 26

1st period

No Goal

Penalties :
Marcus Johansson (NJD) for Hooking (Minor) at 2:21, Miles Wood (NJD) for Interference (Minor) at 5:53, Max Pacioretty (MTL) for Interference (Minor) at 13:02, Chris Wagner (MTL) for Hooking (Minor) at 14:03

2nd period

1. Montreal Canadiens , Brendan Gallagher 15 (Tomas Tatar 19) at 6:36
2. New Jersey Devils , Sam Bennett 16 (Samuel Girard 9, Blake Coleman 20) at 6:56
3. Montreal Canadiens , Charles Hudon 6 (Tomas Plekanec 10, Artturi Lehkonen 12) at 10:35
4. Montreal Canadiens , Mikhail Sergachev 2 (Max Pacioretty 24, Alexander Radulov 35) at 12:51 (PP)
5. New Jersey Devils , Erik Haula 20 (Nico Hischier 18) at 13:55 (PP)

Penalties :
Marcus Johansson (NJD) for Tripping (Minor) at 11:52, Andrew Shaw (MTL) for Elbowing (Minor) at 13:09

3rd period

6. Montreal Canadiens , Brendan Gallagher 16 (Mikhail Sergachev 13, Andrew Shaw 9) at 2:40
7. Montreal Canadiens , Michael Chaput 3 (Chris Wagner 6, Mikhail Sergachev 14) at 7:35

Penalties :
Rick Nash (NJD) for Hooking (Minor) at 14:36, Chris Wagner (MTL) for Holding (Minor) at 17:05

Goalie Stats

Carey Price (MTL), 24 saves from 26 shots - (0.923), W, 21-12-10, 60:00 minutes
Cory Schneider (NJD), 22 saves from 26 shots - (0.846), L, 20-24-5, 42:40 minutes
Keith Kinkaid (NJD), 6 saves from 7 shots - (0.857), 17:20 minutes

Players Stats for Montreal Canadiens

Player Name              G  A  P  +/- PIM S  H  SB GA TA FO     MP     PP MP  PK MP  
------------------------------------------------------------------------------------
Alexander Radulov        0  1  1   0  0   1  3  0  0  0  1/3    16:56   3:30   2:00 
Andrew Shaw              0  1  1   2  2   1  0  0  1  0  12/18  15:59   3:12   0:55 
Anthony Beauvillier      0  0  0   0  0   3  1  1  1  0  8/15   14:36   3:17   0:00 
Artturi Lehkonen         0  1  1   1  0   3  2  0  2  0  0/0    13:40   0:12   1:53 
Brendan Gallagher        2  0  2   2  0   4  0  0  0  0  0/1    15:14   3:21   0:00 
Charles Hudon            1  0  1   1  0   2  0  0  1  0  0/1    12:02   0:27   0:00 
Chris Wagner             0  1  1   0  4   2  0  0  0  1  3/5    13:03   0:00   0:32 
Esa Lindell              0  0  0   0  0   1  2  1  0  0  0/0    22:25   2:59   2:34 
Francois Beauchemin      0  0  0   1  0   1  0  0  0  0  0/0    13:33   0:00   0:00 
Greg Pateryn             0  0  0   1  0   1  1  2  0  1  0/0    17:13   0:00   3:11 
Jeff Petry               0  0  0   2  0   5  2  0  1  1  0/0    24:02   3:57   3:11 
Kenny Agostino           0  0  0   0  0   2  1  0  0  0  1/3    12:17   0:00   0:19 
Max Pacioretty           0  1  1   0  2   0  1  1  1  0  0/2    17:17   3:28   1:53 
Michael Chaput           1  0  1   0  0   1  4  0  0  0  4/11   11:58   0:00   0:00 
Mikhail Sergachev        1  2  3   2  0   1  4  3  0  0  0/0    20:22   3:57   0:00 
P.K. Subban              0  0  0   0  0   3  1  0  0  0  0/0    22:25   2:59   2:34 
Tomas Plekanec           0  1  1   1  0   0  1  1  2  0  5/10   14:57   0:00   2:59 
Tomas Tatar              0  1  1   2  0   2  2  0  0  0  0/0    15:14   3:21   0:00 

Players Stats for New Jersey Devils

Player Name              G  A  P  +/- PIM S  H  SB GA TA FO     MP     PP MP  PK MP  
------------------------------------------------------------------------------------
Andrej Sekera            0  0  0   0  0   0  0  0  0  0  0/0     3:15   1:36   0:06 
Anton Slepyshev          0  0  0   0  0   1  0  0  1  0  0/0     8:27   0:03   1:23 
Ben Lovejoy              0  0  0  -2  0   1  3  3  0  1  0/0    18:22   0:03   3:43 
Benoit Pouliot           0  0  0  -2  0   0  3  0  0  0  0/0    14:03   0:06   0:19 
Blake Coleman            0  1  1  -1  0   0  2  0  0  1  0/1    17:55   2:50   0:00 
Brian Boyle              0  0  0   0  0   1  3  0  0  0  9/13   11:09   2:50   0:56 
Damon Severson           0  0  0  -1  0   0  2  2  0  3  0/0    19:39   1:39   3:07 
Erik Haula               1  0  1   0  0   8  5  0  0  0  17/28  23:19   2:52   3:22 
Jesper Bratt             0  0  0  -2  0   0  0  0  0  0  4/13   15:31   0:03   1:57 
John Moore               0  0  0  -1  0   1  2  3  0  2  0/0    19:16   0:00   3:43 
Marcus Johansson         0  0  0  -2  4   0  0  0  0  0  0/0    13:25   0:00   0:00 
Miles Wood               0  0  0  -1  2   2  1  2  0  0  0/0    16:25   0:00   1:22 
Nico Hischier            0  1  1   0  0   4  3  1  0  0  0/2    16:58   2:49   1:57 
Rick Nash                0  0  0   0  2   2  3  0  0  0  2/3    17:46   2:52   2:30 
Ryan Pulock              0  0  0   0  0   2  0  0  0  1  0/0    21:02   4:03   0:06 
Sam Bennett              1  0  1  -1  0   1  3  0  1  1  3/9    18:02   2:50   0:06 
Samuel Girard            0  1  1  -2  0   2  1  1  1  0  0/0    18:59   4:09   0:00 
Trevor van Riemsdyk      0  0  0   0  0   1  0  3  0  0  0/0    19:27   0:00   3:07 

3 Stars

1 - Mikhail Sergachev (MTL)
2 - Brendan Gallagher (MTL)
3 - Michael Chaput (MTL)

Power Play

Montreal Canadiens - 1 on 4 Attempt(s) - 25.00%
New Jersey Devils - 1 on 4 Attempt(s) - 25.00%

Penalty Kill

Montreal Canadiens - 3 on 4 Attempt(s) - 75.00% - Score 0 goal in Penalty Kill
New Jersey Devils - 3 on 4 Attempt(s) - 75.00% - Score 0 goal in Penalty Kill

Team Stat

Montreal Canadiens - Hits : 25 - Faceoff Wins : 34 - Blocked Shots : 9 - Penalty Minutes : 8
New Jersey Devils - Hits : 31 - Faceoff Wins : 35 - Blocked Shots : 15 - Penalty Minutes : 8

Official

Referees : Brad Watson and Francois St Laurent
Linesman : Shandor Alphonso and Pierre Racicot

Game Notes

Keith Kinkaid enters game at 2:40 of 3rd period

Finance

Level 1 -- Attendance: 9539 (89.99%) -- Ticket Income fr. 753'581
Level 2 -- Attendance: 2082 (94.64%) -- Ticket Income fr. 133'248
Level 3 -- Attendance: 3700 (100.00%) -- Ticket Income fr. 118'400
Level 4 -- Attendance: 1364 (94.07%) -- Ticket Income fr. 27'280
Luxury Box -- Attendance: 45 (90.00%) -- Ticket Income fr. 8'865
Game was played at the Prudential Center.
Total Attendance: 16730 (92.94%)
Total Ticket Income: fr. 1'041'374
Total Income: fr. 1'041'374

Montreal Canadiens

5 vs 5 Forward 
   Center                   Left Wing                Right Wing               Time % Phy DF OF 
 1 Anthony Beauvillier      Max Pacioretty           Alexander Radulov        25     1   2  2  
 2 Andrew Shaw              Tomas Tatar              Brendan Gallagher        25     1   2  2  
 3 Tomas Plekanec           Charles Hudon            Artturi Lehkonen         25     1   2  2  
 4 Michael Chaput           Kenny Agostino           Chris Wagner             25     1   2  2  

5 vs 5 Defense 
   Defense                  Defense                                           Time % Phy DF OF 
 1 Esa Lindell              P.K. Subban                                       35     1   2  2  
 2 Mikhail Sergachev        Jeff Petry                                        35     1   2  2  
 3 Francois Beauchemin      Greg Pateryn                                      30     1   2  2  
 4 Jeff Petry               P.K. Subban                                       0      1   2  2  

PowerPlay Forward 
   Center                   Left Wing                Right Wing               Time % Phy DF OF 
 1 Anthony Beauvillier      Max Pacioretty           Alexander Radulov        50     0   0  5  
 2 Andrew Shaw              Tomas Tatar              Brendan Gallagher        50     0   0  5  

PowerPlay Defense
   Defense                  Defense                                           Time % Phy DF OF 
 1 Esa Lindell              P.K. Subban                                       50     0   1  4  
 2 Mikhail Sergachev        Jeff Petry                                        50     0   1  4  

Penalty Kill 4 Players Forward 
   Center                   Wing                     Time % Phy DF OF 
 1 Tomas Plekanec           Max Pacioretty           50     1   4  0  
 2 Chris Wagner             Artturi Lehkonen         50     1   4  0  

Penalty Kill 4 Players Defense
   Defense                  Defense                  Time % Phy DF OF 
 1 Esa Lindell              P.K. Subban              50     1   4  0  
 2 Greg Pateryn             Jeff Petry               50     1   4  0  

Penalty Kill - 3 Players Forward 
   Forward                                           Time % Phy DF OF 
 1 Tomas Plekanec                                    50     1   4  0  
 2 Chris Wagner                                      50     1   4  0  

Penalty Kill - 3 Players Defense
   Defense                  Defense                  Time % Phy DF OF 
 1 Esa Lindell              P.K. Subban              50     1   4  0  
 2 Greg Pateryn             Jeff Petry               50     1   4  0  

4 vs 4 Forward 
   Center                   Wing                     Time % Phy DF OF 
 1 Andrew Shaw              Max Pacioretty           50     1   2  2  
 2 Anthony Beauvillier      Alexander Radulov        50     1   2  2  

4 vs 4 Defense
   Defense                  Defense                  Time % Phy DF OF 
 1 Esa Lindell              P.K. Subban              50     1   2  2  
 2 Mikhail Sergachev        Jeff Petry               50     1   2  2  

Last Minutes Offensive
   Center                   Left Wing                Right Wing               Defense                  Defense                  
   Anthony Beauvillier      Brendan Gallagher        Alexander Radulov        Jeff Petry               P.K. Subban              

Last Minutes Defensive
   Center                   Left Wing                Right Wing               Defense                  Defense                  
   Tomas Plekanec           Max Pacioretty           Chris Wagner             Jeff Petry               P.K. Subban              

Goaltenders
Starting : Carey Price              
Backup : Antti Niemi              

Extra Forwards
Normal : Brendan Gallagher, Alexander Radulov, Tomas Tatar - PP : Charles Hudon, Artturi Lehkonen - PK : Alexander Radulov
Extra Defensemen
Normal : P.K. Subban, Jeff Petry, Esa Lindell - PP : Francois Beauchemin - PK : P.K. Subban, Francois Beauchemin
Penalty Shots
Alexander Radulov, Tomas Tatar, Brendan Gallagher, Anthony Beauvillier, Max Pacioretty
Custom OT Lines Forwards
Anthony Beauvillier, Alexander Radulov, Brendan Gallagher, Max Pacioretty, Andrew Shaw, Tomas Tatar, Charles Hudon, Artturi Lehkonen, Tomas Plekanec, Chris Wagner
Custom OT Lines Defensemen
P.K. Subban, Jeff Petry, Mikhail Sergachev, Esa Lindell, Francois Beauchemin

Scratches
Alex Lyon (Healthy)

New Jersey Devils

5 vs 5 Forward 
   Center                   Left Wing                Right Wing               Time % Phy DF OF 
 1 Erik Haula               Rick Nash                Nico Hischier            28     1   2  2  
 2 Sam Bennett              Blake Coleman            Miles Wood               28     0   2  3  
 3 Jesper Bratt             Marcus Johansson         Benoit Pouliot           27     0   2  3  
 4 Brian Boyle              Anton Slepyshev          Erik Haula               17     0   2  3  

5 vs 5 Defense 
   Defense                  Defense                                           Time % Phy DF OF 
 1 Trevor van Riemsdyk      Ryan Pulock                                       36     1   3  1  
 2 Damon Severson           John Moore                                        32     0   2  3  
 3 Ben Lovejoy              Samuel Girard                                     32     0   2  3  
 4 Damon Severson           Ryan Pulock                                       0      0   2  3  

PowerPlay Forward 
   Center                   Left Wing                Right Wing               Time % Phy DF OF 
 1 Erik Haula               Rick Nash                Nico Hischier            52     0   0  5  
 2 Brian Boyle              Sam Bennett              Blake Coleman            48     0   0  5  

PowerPlay Defense
   Defense                  Defense                                           Time % Phy DF OF 
 1 Ryan Pulock              Samuel Girard                                     61     0   0  5  
 2 Samuel Girard            Damon Severson                                    39     0   0  5  

Penalty Kill 4 Players Forward 
   Center                   Wing                     Time % Phy DF OF 
 1 Erik Haula               Rick Nash                60     0   5  0  
 2 Nico Hischier            Jesper Bratt             40     0   5  0  

Penalty Kill 4 Players Defense
   Defense                  Defense                  Time % Phy DF OF 
 1 Ben Lovejoy              John Moore               60     0   5  0  
 2 Trevor van Riemsdyk      Damon Severson           40     0   5  0  

Penalty Kill - 3 Players Forward 
   Forward                                           Time % Phy DF OF 
 1 Brian Boyle                                       60     0   5  0  
 2 Erik Haula                                        40     0   5  0  

Penalty Kill - 3 Players Defense
   Defense                  Defense                  Time % Phy DF OF 
 1 John Moore               Ben Lovejoy              60     0   5  0  
 2 Damon Severson           Trevor van Riemsdyk      40     0   5  0  

4 vs 4 Forward 
   Center                   Wing                     Time % Phy DF OF 
 1 Erik Haula               Nico Hischier            50     0   2  3  
 2 Sam Bennett              Rick Nash                50     0   2  3  

4 vs 4 Defense
   Defense                  Defense                  Time % Phy DF OF 
 1 Trevor van Riemsdyk      Ryan Pulock              60     0   2  3  
 2 John Moore               Damon Severson           40     0   2  3  

Last Minutes Offensive
   Center                   Left Wing                Right Wing               Defense                  Defense                  
   Erik Haula               Rick Nash                Nico Hischier            John Moore               Ben Lovejoy              

Last Minutes Defensive
   Center                   Left Wing                Right Wing               Defense                  Defense                  
   Erik Haula               Rick Nash                Nico Hischier            John Moore               Ben Lovejoy              

Goaltenders
Starting : Cory Schneider           
Backup : Keith Kinkaid            

Extra Forwards
Normal : Brian Boyle, Sam Bennett, Marcus Johansson - PP : Benoit Pouliot, Anton Slepyshev - PK : Miles Wood
Extra Defensemen
Normal : Damon Severson, John Moore, Ben Lovejoy - PP : Damon Severson - PK : Ben Lovejoy, John Moore
Penalty Shots
Brian Boyle, Sam Bennett, Marcus Johansson, Benoit Pouliot, Anton Slepyshev
Custom OT Lines Forwards
Miles Wood, Benoit Pouliot, Marcus Johansson, Anton Slepyshev, Erik Haula, Rick Nash, Brian Boyle, Nico Hischier, Blake Coleman, Sam Bennett
Custom OT Lines Defensemen
Damon Severson, John Moore, Ben Lovejoy, Ryan Pulock, Trevor van Riemsdyk

Scratches
Joakim Nordstrom (Healthy), Joshua Ho-Sang (Healthy), Yohann Auvitu (Healthy)

% Time on Ice - Montreal Canadiens

Lines # - Real PCT - Wanted PCT - Time Play
Normal Forward
1 - 26% - 25% - 12:04
2 - 25% - 25% - 11:53
3 - 24% - 25% - 11:24
4 - 25% - 25% - 11:58
Normal Defense
1 - 36% - 35% - 16:52
2 - 36% - 35% - 16:54
3 - 29% - 30% - 13:33
4 - 0% - 0% - 0:00
PP Forward
1 - 52% - 50% - 3:35
2 - 48% - 50% - 3:21
PP Defense
1 - 43% - 50% - 2:59
2 - 57% - 50% - 3:57
PK Forward
1 - 54% - 50% - 2:35
2 - 46% - 50% - 2:12
PK Defense
1 - 45% - 50% - 2:10
2 - 55% - 50% - 2:37
PK3 Forward
1 - 41% - 50% - 0:24
2 - 59% - 50% - 0:34
PK3 Defense
1 - 41% - 50% - 0:24
2 - 59% - 50% - 0:34
44 Forward
1 - 0% - 50%
2 - 0% - 50%
44 Defense
1 - 0% - 50%
2 - 0% - 50%
Last Minute Offensive  - 0:00
Last Minute Defensive  - 0:00
Total
Forward - 60:00
Defense - 60:00

% Time on Ice - New Jersey Devils

Lines # - Real PCT - Wanted PCT - Time Play
Normal Forward
1 - 26% - 28% - 12:13
2 - 33% - 28% - 15:28
3 - 28% - 27% - 13:15
4 - 13% - 17% - 6:23
Normal Defense
1 - 37% - 36% - 17:36
2 - 31% - 32% - 14:49
3 - 31% - 32% - 14:50
4 - 0% - 0% - 0:04
PP Forward
1 - 50% - 52% - 2:52
2 - 50% - 48% - 2:53
PP Defense
1 - 71% - 61% - 4:06
2 - 29% - 39% - 1:39
PK Forward
1 - 72% - 60% - 4:59
2 - 28% - 40% - 1:57
PK Defense
1 - 55% - 60% - 3:49
2 - 45% - 40% - 3:07
PK3 Forward
1 - 0% - 60%
2 - 0% - 40%
PK3 Defense
1 - 0% - 60%
2 - 0% - 40%
44 Forward
1 - 0% - 50%
2 - 0% - 50%
44 Defense
1 - 0% - 60%
2 - 0% - 40%
Last Minute Offensive  - 0:00
Last Minute Defensive  - 0:00
Total
Forward - 60:00
Defense - 60:00

Play-by-Play

1st period


0:01 of 1st period - Anthony Beauvillier wins face-off versus Erik Haula in neutral zone.
0:31 of 1st period - Wrist shot by Brendan Gallagher.
0:31 of 1st period - Shot Misses the Net.
0:39 of 1st period - Sam Bennett is hit by Mikhail Sergachev and loses puck.
0:52 of 1st period - Marcus Johansson is hit by Mikhail Sergachev and loses puck.
1:13 of 1st period - Chris Wagner is hit by Brian Boyle and loses puck.
1:32 of 1st period - Wrist shot by Erik Haula.
1:32 of 1st period - Stopped by Carey Price without a rebound.
1:33 of 1st period - Erik Haula wins face-off versus Anthony Beauvillier in Montreal Canadiens zone.
1:54 of 1st period - Anthony Beauvillier is hit by Rick Nash and loses puck.
2:06 of 1st period - Slapshot by Alexander Radulov.
2:06 of 1st period - Shot Misses the Net.
2:10 of 1st period - Wrist shot by Anthony Beauvillier.
2:10 of 1st period - Shot Misses the Net.
2:12 of 1st period - Slapshot by Jeff Petry.
2:12 of 1st period - Stopped by Cory Schneider without a rebound.
2:13 of 1st period - Tomas Plekanec wins face-off versus Jesper Bratt in New Jersey Devils zone.
2:21 of 1st period - Minor Penalty to Marcus Johansson for Hooking.
2:22 of 1st period - Erik Haula wins face-off versus Andrew Shaw in New Jersey Devils zone.
2:55 of 1st period - Rick Nash is hit by Anthony Beauvillier.
3:59 of 1st period - Jeff Petry is hit by Damon Severson and loses puck.
4:21 of 1st period - Penalty to Marcus Johansson is over, Marcus Johansson is back on ice.
4:28 of 1st period - Ben Lovejoy is hit by Esa Lindell.
4:38 of 1st period - Slapshot by Francois Beauchemin.
4:38 of 1st period - Deflect By Chris Wagner.
4:38 of 1st period - Shot Blocked by Ben Lovejoy.
4:38 of 1st period - Puck is out of play.
4:39 of 1st period - Jesper Bratt wins face-off versus Tomas Plekanec in New Jersey Devils zone.
5:37 of 1st period - Slapshot by Artturi Lehkonen.
5:37 of 1st period - Stopped by Cory Schneider with a rebound.
5:53 of 1st period - Minor Penalty to Miles Wood for Interference.
5:54 of 1st period - Andrew Shaw wins face-off versus Erik Haula in New Jersey Devils zone.
7:53 of 1st period - Penalty to Miles Wood is over, Miles Wood is back on ice.
8:18 of 1st period - Slapshot by Jesper Bratt.
8:18 of 1st period - Shot Misses the Net.
8:28 of 1st period - Slapshot by Erik Haula.
8:28 of 1st period - Stopped by Carey Price with a rebound.
8:30 of 1st period - Snap shot by Erik Haula.
8:30 of 1st period - Shot Blocked by Greg Pateryn.
8:56 of 1st period - Anthony Beauvillier is hit by Brian Boyle and loses puck.
9:26 of 1st period - P.K. Subban is hit by Benoit Pouliot and loses puck.
12:07 of 1st period - Max Pacioretty is hit by Ben Lovejoy and loses puck.
13:02 of 1st period - Minor Penalty to Max Pacioretty for Interference.
13:03 of 1st period - Erik Haula wins face-off versus Tomas Plekanec in Montreal Canadiens zone.
13:14 of 1st period - Slapshot by Nico Hischier.
13:14 of 1st period - Deflect By Erik Haula.
13:14 of 1st period - Shot Misses the Net.
13:14 of 1st period - Puck is out of play.
13:15 of 1st period - Chris Wagner wins face-off versus Brian Boyle in Montreal Canadiens zone.
13:30 of 1st period - Tomas Plekanec is hit by Brian Boyle and loses puck.
13:41 of 1st period - Tomas Plekanec is hit by Samuel Girard and loses puck.
13:46 of 1st period - Slapshot by Erik Haula.
13:46 of 1st period - Stopped by Carey Price with a rebound.
14:03 of 1st period - Minor Penalty to Chris Wagner for Hooking.
14:04 of 1st period - Erik Haula wins face-off versus Alexander Radulov in Montreal Canadiens zone.
14:04 of 1st period - Snap shot by Nico Hischier.
14:04 of 1st period - Stopped by Carey Price without a rebound.
14:05 of 1st period - Alexander Radulov wins face-off versus Rick Nash in Montreal Canadiens zone.
14:16 of 1st period - Esa Lindell is hit by Erik Haula and loses puck.
15:02 of 1st period - Penalty to Max Pacioretty is over, Max Pacioretty is back on ice.
15:52 of 1st period - Icing by Blake Coleman.
15:53 of 1st period - Tomas Plekanec wins face-off versus Brian Boyle in New Jersey Devils zone.
16:00 of 1st period - Tomas Plekanec is hit by Blake Coleman and loses puck.
16:03 of 1st period - Penalty to Chris Wagner is over, Chris Wagner is back on ice.
16:37 of 1st period - Snap shot by P.K. Subban.
16:37 of 1st period - Deflect By Rick Nash.
16:37 of 1st period - Stopped by Cory Schneider with a rebound.
16:51 of 1st period - Snap shot by John Moore.
16:51 of 1st period - Shot Misses the Net.
17:09 of 1st period - Samuel Girard is hit by Tomas Plekanec and loses puck.
17:32 of 1st period - Slapshot by Andrew Shaw.
17:32 of 1st period - Shot Misses the Net.
17:48 of 1st period - Erik Haula is hit by Mikhail Sergachev and loses puck.
18:19 of 1st period - Rick Nash is hit by Greg Pateryn and loses puck.
18:40 of 1st period - Miles Wood is hit by Artturi Lehkonen and loses puck.
18:57 of 1st period - Samuel Girard is hit by Alexander Radulov and loses puck.
19:08 of 1st period - Benoit Pouliot is hit by Michael Chaput and loses puck.
19:13 of 1st period - Wrist shot by Chris Wagner.
19:13 of 1st period - Shot Blocked by Ben Lovejoy.
19:54 of 1st period - Miles Wood is hit by Tomas Tatar and loses puck.
19:59 of 1st period - Snap shot by Brendan Gallagher.
19:59 of 1st period - Shot Misses the Net.
Goals for this period are 0 for Montreal Canadiens vs 0 for New Jersey Devils.
Shots for this period are 3 for Montreal Canadiens vs 4 for New Jersey Devils.

2nd period


0:01 of 2nd period - Erik Haula wins face-off versus Andrew Shaw in neutral zone.
0:37 of 2nd period - Snap shot by Miles Wood.
0:37 of 2nd period - Stopped by Carey Price without a rebound.
0:38 of 2nd period - Anthony Beauvillier wins face-off versus Jesper Bratt in Montreal Canadiens zone.
0:38 of 2nd period - Anthony Beauvillier is hit by John Moore.
1:03 of 2nd period - Brendan Gallagher is hit by Sam Bennett and loses puck.
1:10 of 2nd period - Snap shot by Sam Bennett.
1:10 of 2nd period - Shot Blocked by Esa Lindell.
1:32 of 2nd period - Kenny Agostino is hit by Rick Nash and loses puck.
2:12 of 2nd period - Slapshot by Sam Bennett.
2:12 of 2nd period - Deflect By Miles Wood.
2:12 of 2nd period - Shot Misses the Net.
2:12 of 2nd period - Puck is out of play.
2:13 of 2nd period - Andrew Shaw wins face-off versus Sam Bennett in Montreal Canadiens zone.
2:19 of 2nd period - Off-side.
2:20 of 2nd period - Erik Haula wins face-off versus Andrew Shaw in neutral zone.
2:49 of 2nd period - Off-side.
2:50 of 2nd period - Jesper Bratt wins face-off versus Michael Chaput in neutral zone.
3:01 of 2nd period - Slapshot by Esa Lindell.
3:01 of 2nd period - Stopped by Cory Schneider without a rebound.
3:02 of 2nd period - Anthony Beauvillier wins face-off versus Sam Bennett in New Jersey Devils zone.
3:50 of 2nd period - Snap shot by Chris Wagner.
3:50 of 2nd period - Stopped by Cory Schneider with a rebound.
5:36 of 2nd period - Slapshot by Alexander Radulov.
5:36 of 2nd period - Shot Misses the Net.
5:38 of 2nd period - Snap shot by Anthony Beauvillier.
5:38 of 2nd period - Stopped by Cory Schneider with a rebound.
5:40 of 2nd period - Snap shot by Anthony Beauvillier.
5:40 of 2nd period - Shot Misses the Net.
5:54 of 2nd period - Snap shot by Jeff Petry.
5:54 of 2nd period - Shot Blocked by John Moore.
5:56 of 2nd period - Snap shot by Jeff Petry.
5:56 of 2nd period - Shot Misses the Net.
5:58 of 2nd period - Snap shot by Michael Chaput.
5:58 of 2nd period - Shot Blocked by John Moore.
6:00 of 2nd period - Snap shot by Kenny Agostino.
6:00 of 2nd period - Stopped by Cory Schneider with a rebound.
6:36 of 2nd period - Snap shot by Brendan Gallagher.
6:36 of 2nd period - Goal by Brendan Gallagher - Montreal Canadiens : 1 - New Jersey Devils : 0.
6:37 of 2nd period - Michael Chaput wins face-off versus Sam Bennett in neutral zone.
6:40 of 2nd period - Slapshot by Jeff Petry.
6:40 of 2nd period - Stopped by Cory Schneider without a rebound.
6:41 of 2nd period - Sam Bennett wins face-off versus Michael Chaput in New Jersey Devils zone.
6:52 of 2nd period - Wrist shot by Sam Bennett.
6:52 of 2nd period - Shot Misses the Net.
6:54 of 2nd period - Slapshot by Samuel Girard.
6:54 of 2nd period - Stopped by Carey Price with a rebound.
6:56 of 2nd period - Wrist shot by Sam Bennett.
6:56 of 2nd period - Goal by Sam Bennett - Montreal Canadiens : 1 - New Jersey Devils : 1.
6:57 of 2nd period - Brian Boyle wins face-off versus Anthony Beauvillier in neutral zone.
7:00 of 2nd period - Slapshot by Ryan Pulock.
7:00 of 2nd period - Shot Blocked by Max Pacioretty.
7:22 of 2nd period - Artturi Lehkonen is hit by Miles Wood and loses puck.
7:32 of 2nd period - Icing by Blake Coleman.
7:33 of 2nd period - Andrew Shaw wins face-off versus Sam Bennett in New Jersey Devils zone.
7:40 of 2nd period - Snap shot by Tomas Tatar.
7:40 of 2nd period - Stopped by Cory Schneider without a rebound.
7:41 of 2nd period - Andrew Shaw wins face-off versus Erik Haula in New Jersey Devils zone.
7:52 of 2nd period - Slapshot by Ben Lovejoy.
7:52 of 2nd period - Shot Hit the Post.
7:54 of 2nd period - Snap shot by Erik Haula.
7:54 of 2nd period - Stopped by Carey Price with a rebound.
7:56 of 2nd period - Slapshot by Ben Lovejoy.
7:56 of 2nd period - Shot Blocked by Mikhail Sergachev.
8:08 of 2nd period - Jesper Bratt is hit by Michael Chaput and loses puck.
8:25 of 2nd period - Slapshot by Ben Lovejoy.
8:25 of 2nd period - Shot Misses the Net.
8:27 of 2nd period - Wrist shot by Miles Wood.
8:27 of 2nd period - Shot Misses the Net.
8:29 of 2nd period - Slapshot by Miles Wood.
8:29 of 2nd period - Shot Misses the Net.
8:31 of 2nd period - Slapshot by Ben Lovejoy.
8:31 of 2nd period - Stopped by Carey Price without a rebound.
8:32 of 2nd period - Tomas Plekanec wins face-off versus Sam Bennett in Montreal Canadiens zone.
9:13 of 2nd period - Snap shot by Charles Hudon.
9:13 of 2nd period - Shot Blocked by Damon Severson.
9:15 of 2nd period - Snap shot by Tomas Plekanec.
9:15 of 2nd period - Shot Misses the Net.
9:17 of 2nd period - Slapshot by Greg Pateryn.
9:17 of 2nd period - Stopped by Cory Schneider with a rebound.
9:35 of 2nd period - Slapshot by John Moore.
9:35 of 2nd period - Stopped by Carey Price with a rebound.
10:07 of 2nd period - Wrist shot by Tomas Plekanec.
10:07 of 2nd period - Shot Blocked by John Moore.
10:09 of 2nd period - Snap shot by Charles Hudon.
10:09 of 2nd period - Shot Blocked by Miles Wood.
10:13 of 2nd period - Slapshot by Charles Hudon.
10:13 of 2nd period - Deflect By Artturi Lehkonen.
10:13 of 2nd period - Stopped by Cory Schneider with a rebound.
10:35 of 2nd period - Wrist shot by Charles Hudon.
10:35 of 2nd period - Goal by Charles Hudon - Montreal Canadiens : 2 - New Jersey Devils : 1.
10:36 of 2nd period - Erik Haula wins face-off versus Anthony Beauvillier in neutral zone.
10:39 of 2nd period - Slapshot by Ryan Pulock.
10:39 of 2nd period - Shot Blocked by Anthony Beauvillier.
10:41 of 2nd period - Snap shot by Nico Hischier.
10:41 of 2nd period - Stopped by Carey Price without a rebound.
10:42 of 2nd period - Anthony Beauvillier wins face-off versus Erik Haula in Montreal Canadiens zone.
11:08 of 2nd period - Snap shot by Brendan Gallagher.
11:08 of 2nd period - Shot Misses the Net.
11:26 of 2nd period - Wrist shot by Jeff Petry.
11:26 of 2nd period - Stopped by Cory Schneider without a rebound.
11:27 of 2nd period - Brian Boyle wins face-off versus Michael Chaput in New Jersey Devils zone.
11:27 of 2nd period - Brian Boyle is hit by Jeff Petry.
11:52 of 2nd period - Minor Penalty to Marcus Johansson for Tripping.
11:53 of 2nd period - Rick Nash wins face-off versus Andrew Shaw in New Jersey Devils zone.
11:53 of 2nd period - Rick Nash is hit by Mikhail Sergachev.
12:31 of 2nd period - Anthony Beauvillier is hit by Nico Hischier and loses puck.
12:40 of 2nd period - Jesper Bratt is hit by Alexander Radulov and loses puck.
12:49 of 2nd period - Wrist shot by Max Pacioretty.
12:49 of 2nd period - Shot Misses the Net.
12:51 of 2nd period - Slapshot by Mikhail Sergachev.
12:51 of 2nd period - Goal by Mikhail Sergachev - Montreal Canadiens : 3 - New Jersey Devils : 1.
12:52 of 2nd period - Erik Haula wins face-off versus Andrew Shaw in neutral zone.
13:07 of 2nd period - Slapshot by Nico Hischier.
13:07 of 2nd period - Stopped by Carey Price with a rebound.
13:09 of 2nd period - Minor Penalty to Andrew Shaw for Elbowing.
13:10 of 2nd period - Erik Haula wins face-off versus Chris Wagner in Montreal Canadiens zone.
13:11 of 2nd period - Snap shot by Nico Hischier.
13:11 of 2nd period - Shot Misses the Net.
13:13 of 2nd period - Snap shot by Rick Nash.
13:13 of 2nd period - Stopped by Carey Price without a rebound.
13:14 of 2nd period - Chris Wagner wins face-off versus Nico Hischier in Montreal Canadiens zone.
13:27 of 2nd period - Wrist shot by Rick Nash.
13:27 of 2nd period - Shot Misses the Net.
13:29 of 2nd period - Wrist shot by Ryan Pulock.
13:29 of 2nd period - Deflect By P.K. Subban.
13:29 of 2nd period - Stopped by Carey Price without a rebound.
13:30 of 2nd period - Brian Boyle wins face-off versus Chris Wagner in Montreal Canadiens zone.
13:44 of 2nd period - Off-side.
13:45 of 2nd period - Erik Haula wins face-off versus Tomas Plekanec in neutral zone.
13:50 of 2nd period - Max Pacioretty is hit by Rick Nash and loses puck.
13:55 of 2nd period - Wrist shot by Erik Haula.
13:55 of 2nd period - Goal by Erik Haula - Montreal Canadiens : 3 - New Jersey Devils : 2.
13:56 of 2nd period - Kenny Agostino wins face-off versus Erik Haula in neutral zone.
14:05 of 2nd period - Snap shot by Jeff Petry.
14:05 of 2nd period - Stopped by Cory Schneider without a rebound.
14:06 of 2nd period - Michael Chaput wins face-off versus Erik Haula in New Jersey Devils zone.
14:49 of 2nd period - Wrist shot by Erik Haula.
14:49 of 2nd period - Stopped by Carey Price without a rebound.
14:50 of 2nd period - Jesper Bratt wins face-off versus Anthony Beauvillier in Montreal Canadiens zone.
14:55 of 2nd period - Snap shot by Marcus Johansson.
14:55 of 2nd period - Shot Misses the Net.
15:03 of 2nd period - Snap shot by Alexander Radulov.
15:03 of 2nd period - Shot Blocked by Samuel Girard.
15:05 of 2nd period - Slapshot by P.K. Subban.
15:05 of 2nd period - Stopped by Cory Schneider without a rebound.
15:06 of 2nd period - Andrew Shaw wins face-off versus Sam Bennett in New Jersey Devils zone.
15:17 of 2nd period - Snap shot by Tomas Tatar.
15:17 of 2nd period - Stopped by Cory Schneider with a rebound.
15:20 of 2nd period - Icing by Blake Coleman.
15:21 of 2nd period - Sam Bennett wins face-off versus Anthony Beauvillier in New Jersey Devils zone.
15:49 of 2nd period - Snap shot by Miles Wood.
15:49 of 2nd period - Stopped by Carey Price without a rebound.
15:50 of 2nd period - Andrew Shaw wins face-off versus Brian Boyle in Montreal Canadiens zone.
16:02 of 2nd period - Off-side.
16:03 of 2nd period - Anthony Beauvillier wins face-off versus Jesper Bratt in neutral zone.
16:06 of 2nd period - Snap shot by Anthony Beauvillier.
16:06 of 2nd period - Stopped by Cory Schneider with a rebound.
16:36 of 2nd period - Snap shot by Brendan Gallagher.
16:36 of 2nd period - Stopped by Cory Schneider without a rebound.
16:37 of 2nd period - Michael Chaput wins face-off versus Erik Haula in New Jersey Devils zone.
16:59 of 2nd period - Icing by John Moore.
17:00 of 2nd period - Erik Haula wins face-off versus Max Pacioretty in New Jersey Devils zone.
17:07 of 2nd period - Slapshot by Jesper Bratt.
17:07 of 2nd period - Shot Misses the Net.
17:36 of 2nd period - Wrist shot by Miles Wood.
17:36 of 2nd period - Shot Misses the Net.
17:45 of 2nd period - Icing by Esa Lindell.
17:46 of 2nd period - Brian Boyle wins face-off versus Kenny Agostino in Montreal Canadiens zone.
17:51 of 2nd period - Slapshot by Brian Boyle.
17:51 of 2nd period - Stopped by Carey Price without a rebound.
17:52 of 2nd period - Brian Boyle wins face-off versus Michael Chaput in Montreal Canadiens zone.
17:53 of 2nd period - Snap shot by Erik Haula.
17:53 of 2nd period - Stopped by Carey Price with a rebound.
18:24 of 2nd period - Ben Lovejoy is hit by Jeff Petry and loses puck.
18:37 of 2nd period - Snap shot by Chris Wagner.
18:37 of 2nd period - Stopped by Cory Schneider with a rebound.
18:39 of 2nd period - Slapshot by Jeff Petry.
18:39 of 2nd period - Stopped by Cory Schneider without a rebound.
18:40 of 2nd period - Anthony Beauvillier wins face-off versus Jesper Bratt in New Jersey Devils zone.
18:41 of 2nd period - Snap shot by Alexander Radulov.
18:41 of 2nd period - Stopped by Cory Schneider with a rebound.
18:43 of 2nd period - Slapshot by P.K. Subban.
18:43 of 2nd period - Stopped by Cory Schneider without a rebound.
18:44 of 2nd period - Anthony Beauvillier wins face-off versus Jesper Bratt in New Jersey Devils zone.
19:00 of 2nd period - Snap shot by Alexander Radulov.
19:00 of 2nd period - Shot Misses the Net.
19:38 of 2nd period - Tomas Tatar is hit by Nico Hischier and loses puck.
19:55 of 2nd period - Ben Lovejoy is hit by Esa Lindell and loses puck.
Goals for this period are 3 for Montreal Canadiens vs 2 for New Jersey Devils.
Shots for this period are 21 for Montreal Canadiens vs 15 for New Jersey Devils.

3rd period


0:01 of 3rd period - Tomas Plekanec wins face-off versus Erik Haula in neutral zone.
0:12 of 3rd period - Tomas Plekanec is hit by Erik Haula and loses puck.
0:53 of 3rd period - Wrist shot by Andrew Shaw.
0:53 of 3rd period - Deflect By Sam Bennett.
0:53 of 3rd period - Shot Blocked by Trevor van Riemsdyk.
0:53 of 3rd period - Puck is out of play.
0:54 of 3rd period - Tomas Plekanec wins face-off versus Nico Hischier in New Jersey Devils zone.
0:57 of 3rd period - Snap shot by Artturi Lehkonen.
0:57 of 3rd period - Shot Misses the Net.
1:26 of 3rd period - Snap shot by Charles Hudon.
1:26 of 3rd period - Stopped by Cory Schneider without a rebound.
1:27 of 3rd period - Anthony Beauvillier wins face-off versus Jesper Bratt in New Jersey Devils zone.
2:13 of 3rd period - Icing by P.K. Subban.
2:14 of 3rd period - Rick Nash wins face-off versus Max Pacioretty in Montreal Canadiens zone.
2:30 of 3rd period - Off-side.
2:31 of 3rd period - Andrew Shaw wins face-off versus Jesper Bratt in neutral zone.
2:34 of 3rd period - Slapshot by Mikhail Sergachev.
2:34 of 3rd period - Shot Hit the Post.
2:36 of 3rd period - Backhand shot by Brendan Gallagher.
2:36 of 3rd period - Shot Misses the Net.
2:38 of 3rd period - Slapshot by Mikhail Sergachev.
2:38 of 3rd period - Shot Misses the Net.
2:40 of 3rd period - Snap shot by Mikhail Sergachev.
2:40 of 3rd period - Deflect By Brendan Gallagher.
2:40 of 3rd period - Goal by Brendan Gallagher - Montreal Canadiens : 4 - New Jersey Devils : 2.
2:40 of 3rd period - Keith Kinkaid enters game.
2:41 of 3rd period - Andrew Shaw wins face-off versus Erik Haula in neutral zone.
3:34 of 3rd period - Snap shot by Artturi Lehkonen.
3:34 of 3rd period - Stopped by Keith Kinkaid without a rebound.
3:35 of 3rd period - Andrew Shaw wins face-off versus Brian Boyle in New Jersey Devils zone.
3:36 of 3rd period - Snap shot by Brendan Gallagher.
3:36 of 3rd period - Shot Misses the Net.
3:44 of 3rd period - Erik Haula is hit by Tomas Tatar and loses puck.
4:27 of 3rd period - Backhand shot by Jeff Petry.
4:27 of 3rd period - Deflect By Artturi Lehkonen.
4:27 of 3rd period - Shot Blocked by Ben Lovejoy.
4:27 of 3rd period - Puck is out of play.
4:28 of 3rd period - Sam Bennett wins face-off versus Andrew Shaw in New Jersey Devils zone.
4:48 of 3rd period - Snap shot by Sam Bennett.
4:48 of 3rd period - Shot Misses the Net.
4:50 of 3rd period - Slapshot by John Moore.
4:50 of 3rd period - Shot Misses the Net.
4:52 of 3rd period - Snap shot by Damon Severson.
4:52 of 3rd period - Shot Misses the Net.
5:00 of 3rd period - Slapshot by Jeff Petry.
5:00 of 3rd period - Shot Blocked by Damon Severson.
5:14 of 3rd period - Alexander Radulov is hit by Blake Coleman and loses puck.
5:43 of 3rd period - Tomas Tatar is hit by Sam Bennett and loses puck.
5:51 of 3rd period - Icing by Francois Beauchemin.
5:52 of 3rd period - Andrew Shaw wins face-off versus Erik Haula in Montreal Canadiens zone.
5:52 of 3rd period - Andrew Shaw is hit by Erik Haula.
5:58 of 3rd period - Snap shot by Brendan Gallagher.
5:58 of 3rd period - Stopped by Keith Kinkaid without a rebound.
5:59 of 3rd period - Erik Haula wins face-off versus Michael Chaput in New Jersey Devils zone.
6:08 of 3rd period - Wrist shot by Nico Hischier.
6:08 of 3rd period - Shot Blocked by Mikhail Sergachev.
6:34 of 3rd period - Wrist shot by Rick Nash.
6:34 of 3rd period - Shot Blocked by Greg Pateryn.
6:48 of 3rd period - Snap shot by Marcus Johansson.
6:48 of 3rd period - Shot Blocked by Tomas Plekanec.
6:50 of 3rd period - Wrist shot by Marcus Johansson.
6:50 of 3rd period - Shot Misses the Net.
6:52 of 3rd period - Slapshot by Ryan Pulock.
6:52 of 3rd period - Stopped by Carey Price without a rebound.
6:53 of 3rd period - Chris Wagner wins face-off versus Jesper Bratt in Montreal Canadiens zone.
7:00 of 3rd period - Jesper Bratt is hit by Kenny Agostino and loses puck.
7:09 of 3rd period - Mikhail Sergachev is hit by Damon Severson.
7:19 of 3rd period - Wrist shot by Jesper Bratt.
7:19 of 3rd period - Shot Blocked by Mikhail Sergachev.
7:31 of 3rd period - Snap shot by Chris Wagner.
7:31 of 3rd period - Shot Misses the Net.
7:33 of 3rd period - Snap shot by Chris Wagner.
7:33 of 3rd period - Shot Misses the Net.
7:35 of 3rd period - Wrist shot by Michael Chaput.
7:35 of 3rd period - Goal by Michael Chaput - Montreal Canadiens : 5 - New Jersey Devils : 2.
7:36 of 3rd period - Brian Boyle wins face-off versus Tomas Plekanec in neutral zone.
7:41 of 3rd period - Esa Lindell is hit by Erik Haula and loses puck.
7:50 of 3rd period - Slapshot by Anton Slepyshev.
7:50 of 3rd period - Stopped by Carey Price without a rebound.
7:51 of 3rd period - Jesper Bratt wins face-off versus Anthony Beauvillier in Montreal Canadiens zone.
8:16 of 3rd period - Esa Lindell is hit by Ben Lovejoy and loses puck.
8:53 of 3rd period - Erik Haula is hit by Michael Chaput.
8:56 of 3rd period - Off-side.
8:57 of 3rd period - Brian Boyle wins face-off versus Michael Chaput in neutral zone.
9:00 of 3rd period - Slapshot by Trevor van Riemsdyk.
9:00 of 3rd period - Deflect By Jeff Petry.
9:00 of 3rd period - Stopped by Carey Price with a rebound.
9:02 of 3rd period - Snap shot by Anton Slepyshev.
9:02 of 3rd period - Shot Misses the Net.
9:04 of 3rd period - Wrist shot by Erik Haula.
9:04 of 3rd period - Shot Misses the Net.
9:08 of 3rd period - Snap shot by Erik Haula.
9:08 of 3rd period - Stopped by Carey Price with a rebound.
9:20 of 3rd period - Jesper Bratt is hit by Alexander Radulov and loses puck.
10:00 of 3rd period - Off-side.
10:01 of 3rd period - Erik Haula wins face-off versus Charles Hudon in neutral zone.
10:08 of 3rd period - Snap shot by Nico Hischier.
10:08 of 3rd period - Stopped by Carey Price without a rebound.
10:09 of 3rd period - Erik Haula wins face-off versus Anthony Beauvillier in Montreal Canadiens zone.
10:16 of 3rd period - Jeff Petry is hit by Erik Haula and loses puck.
10:21 of 3rd period - Snap shot by Nico Hischier.
10:21 of 3rd period - Shot Misses the Net.
10:23 of 3rd period - Slapshot by Rick Nash.
10:23 of 3rd period - Stopped by Carey Price with a rebound.
10:35 of 3rd period - John Moore is hit by Artturi Lehkonen and loses puck.
11:08 of 3rd period - Andrew Shaw is hit by Benoit Pouliot and loses puck.
11:20 of 3rd period - Esa Lindell is hit by Ben Lovejoy and loses puck.
11:26 of 3rd period - Samuel Girard is hit by Michael Chaput and loses puck.
12:43 of 3rd period - Slapshot by Francois Beauchemin.
12:43 of 3rd period - Deflect By Brian Boyle.
12:43 of 3rd period - Stopped by Keith Kinkaid without a rebound.
12:44 of 3rd period - Brian Boyle wins face-off versus Michael Chaput in New Jersey Devils zone.
12:49 of 3rd period - Chris Wagner is hit by John Moore and loses puck.
13:02 of 3rd period - Charles Hudon is hit by Benoit Pouliot.
13:26 of 3rd period - Wrist shot by Alexander Radulov.
13:26 of 3rd period - Shot Misses the Net.
13:44 of 3rd period - Wrist shot by Brendan Gallagher.
13:44 of 3rd period - Deflect By Tomas Tatar.
13:44 of 3rd period - Shot Misses the Net.
13:44 of 3rd period - Puck is out of play.
13:45 of 3rd period - Andrew Shaw wins face-off versus Jesper Bratt in New Jersey Devils zone.
14:13 of 3rd period - Sam Bennett is hit by Max Pacioretty and loses puck.
14:34 of 3rd period - Slapshot by Tomas Plekanec.
14:34 of 3rd period - Shot Blocked by Nico Hischier.
14:36 of 3rd period - Minor Penalty to Rick Nash for Hooking.
14:37 of 3rd period - Andrew Shaw wins face-off versus Erik Haula in New Jersey Devils zone.
14:50 of 3rd period - Backhand shot by Andrew Shaw.
14:50 of 3rd period - Shot Blocked by Miles Wood.
14:52 of 3rd period - Wrist shot by Andrew Shaw.
14:52 of 3rd period - Stopped by Keith Kinkaid with a rebound.
15:10 of 3rd period - Off-side.
15:11 of 3rd period - Erik Haula wins face-off versus Brendan Gallagher in neutral zone.
15:34 of 3rd period - Snap shot by Alexander Radulov.
15:34 of 3rd period - Shot Blocked by Trevor van Riemsdyk.
15:36 of 3rd period - Snap shot by Alexander Radulov.
15:36 of 3rd period - Shot Blocked by Trevor van Riemsdyk.
15:38 of 3rd period - Snap shot by Anthony Beauvillier.
15:38 of 3rd period - Stopped by Keith Kinkaid with a rebound.
15:40 of 3rd period - Slapshot by Mikhail Sergachev.
15:40 of 3rd period - Shot Misses the Net.
16:36 of 3rd period - Penalty to Rick Nash is over, Rick Nash is back on ice.
17:05 of 3rd period - Minor Penalty to Chris Wagner for Holding.
17:06 of 3rd period - Brian Boyle wins face-off versus Tomas Plekanec in Montreal Canadiens zone.
17:17 of 3rd period - Snap shot by Sam Bennett.
17:17 of 3rd period - Shot Misses the Net.
17:19 of 3rd period - Slapshot by Samuel Girard.
17:19 of 3rd period - Stopped by Carey Price without a rebound.
17:20 of 3rd period - Erik Haula wins face-off versus Alexander Radulov in Montreal Canadiens zone.
17:35 of 3rd period - Greg Pateryn is hit by Nico Hischier and loses puck.
18:19 of 3rd period - Max Pacioretty is hit by Sam Bennett and loses puck.
19:05 of 3rd period - Penalty to Chris Wagner is over, Chris Wagner is back on ice.
19:45 of 3rd period - Blake Coleman is hit by P.K. Subban.
19:52 of 3rd period - Icing by John Moore.
19:53 of 3rd period - Michael Chaput wins face-off versus Blake Coleman in New Jersey Devils zone.
19:54 of 3rd period - Snap shot by Chris Wagner.
19:54 of 3rd period - Shot Misses the Net.
19:56 of 3rd period - Slapshot by Kenny Agostino.
19:56 of 3rd period - Stopped by Keith Kinkaid without a rebound.
19:57 of 3rd period - Erik Haula wins face-off versus Kenny Agostino in New Jersey Devils zone.
Goals for this period are 2 for Montreal Canadiens vs 0 for New Jersey Devils.
Shots for this period are 9 for Montreal Canadiens vs 7 for New Jersey Devils.